[Event "January 9 Early 2024"]
[Site "https://www.chess.com"]
[Date "2024.01.11"]
[Round "5"]
[White "Andreev, Konstantin"]
[Black "Harriott, Tyrell"]
[Result "0-1"]
[Board "4"]
[TimeControl "180+1"]
[WhiteFideId "24239305"]
[BlackFideId "2086484"]
[WhiteElo "2531"]
[BlackElo "2368"]
[WhiteTeam "ITA"]
[BlackTeam "USA"]
[WhiteClock "0:02:24"]
[BlackClock "0:02:04"]

1. e4 d5 2. exd5 Nf6 3. d4 Qxd5 4. c4 Qe4+ 5. Ne2 e5 6. Nc3 Bb4 7. Bd2 Bxc3 8. Bxc3 exd4 9. Qxd4 O-O 10. O-O-O Nc6 11. Qd2 Bf5 12. Qe3 Qc2# 0-1

[Event "January 9 Early 2024"]
[Site "https://www.chess.com"]
[Date "2024.01.11"]
[Round "5"]
[White "Mirzoev, Azer"]
[Black "Aukhatov, Roman"]
[Result "1-0"]
[Board "5"]
[TimeControl "180+1"]
[WhiteFideId "13400304"]
[BlackFideId "44150768"]
[WhiteElo "2635"]
[BlackElo "2438"]
[WhiteTeam "AZE"]
[BlackTeam "RUS"]
[WhiteClock "0:02:23"]
[BlackClock "0:01:46"]

1. c4 Nf6 2. Nc3 c5 3. g3 e6 4. Bg2 d5 5. Nf3 d4 6. Na4 Nc6 7. O-O e5 8. d3 Be7 9. a3 O-O 10. Rb1 Nd7 11. e4 a6 12. b3 b5 13. Nb2 Nb6 14. Bd2 Bd7 15. Ne1 Rb8 16. f4 bxc4 17. bxc4 Nxc4 18. dxc4 1-0

[Event "January 9 Early 2024"]
[Site "https://www.chess.com"]
[Date "2024.01.11"]
[Round "5"]
[White "Kohler, Aran"]
[Black "Rangel, Daniel"]
[Result "1-0"]
[Board "6"]
[TimeControl "180+1"]
[WhiteFideId "1002856"]
[BlackFideId "2124475"]
[WhiteElo "2265"]
[BlackElo "2494"]
[WhiteTeam "NED"]
[BlackTeam "BRA"]
[WhiteClock "0:02:39"]
[BlackClock "0:01:47"]

1. d4 Nf6 2. Nf3 g6 3. Bg5 Bg7 4. Nbd2 O-O 5. e3 c5 6. Bd3 b6 7. c3 Ba6 8. Bc2 d5 9. h4 h6 10. h5 hxg5 11. hxg6 fxg6 12. Bxg6 g4 13. Ng5 Qd6 14. Qc2 Rc8 15. Bh7+ Kf8 16. Qg6 1-0

[Event "January 9 Early 2024"]
[Site "https://www.chess.com"]
[Date "2024.01.11"]
[Round "5"]
[White "Vela Frago, Alberto"]
[Black "Suyarov, Mukhammadzokhid"]
[Result "1-0"]
[Board "7"]
[TimeControl "180+1"]
[WhiteFideId "24531685"]
[BlackFideId "14210495"]
[WhiteElo "2356"]
[BlackElo "2758"]
[WhiteTeam "ESP"]
[BlackTeam "UZB"]
[WhiteClock "0:02:26"]
[BlackClock "0:01:39"]

1. e4 e5 2. Nf3 Nf6 3. Nc3 Nc6 4. d4 exd4 5. Nxd4 Bb4 6. Nxc6 bxc6 7. Bd3 d5 8. exd5 O-O 9. O-O cxd5 10. Bg5 c6 11. Na4 Bd6 12. Re1 h6 13. Bh4 Rb8 14. c3 c5 15. Bc2 Be6 16. a3 a5 17. Qd3 g5 18. Rxe6 fxe6 19. Qg6+ Kh8 20. Qxh6+ Kg8 21. Qxg5+ Kh8 22. Qh6+ Kg8 23. Qg6+ Kh8 24. Bxf6+ 1-0

[Event "January 9 Early 2024"]
[Site "https://www.chess.com"]
[Date "2024.01.11"]
[Round "5"]
[White "Yeritsyan, Hayk"]
[Black "Kekic, Armin"]
[Result "1-0"]
[Board "10"]
[TimeControl "180+1"]
[WhiteFideId "13307320"]
[BlackFideId "14401274"]
[WhiteElo "2620"]
[BlackElo "2330"]
[WhiteTeam "ARM"]
[BlackTeam "BIH"]
[WhiteClock "0:01:51"]
[BlackClock "0:01:49"]

1. c4 e5 2. e4 Nf6 3. d3 Bc5 4. h3 O-O 5. Be2 c6 6. Nf3 d6 7. Nc3 Be6 8. O-O Nbd7 9. Ng5 Qe7 10. Nxe6 Qxe6 11. Kh2 d5 12. cxd5 cxd5 13. Bg5 dxe4 14. Nxe4 Nxe4 15. dxe4 Be7 16. Bg4 f5 17. Bxf5 Rxf5 18. exf5 Qd6 19. Qxd6 Bxd6 20. Rfd1 1-0

[Event "January 9 Early 2024"]
[Site "https://www.chess.com"]
[Date "2024.01.11"]
[Round "5"]
[White "Paravyan, David"]
[Black "Fier, Alexandr"]
[Result "1-0"]
[Board "11"]
[TimeControl "180+1"]
[WhiteFideId "4194985"]
[BlackFideId "2107139"]
[WhiteElo "3010"]
[BlackElo "2737"]
[WhiteTeam "FID"]
[BlackTeam "BRA"]
[WhiteClock "0:01:35"]
[BlackClock "0:02:21"]

1. e4 Nf6 2. e5 Nd5 3. d4 d6 4. c4 Nb6 5. exd6 cxd6 6. h3 g6 7. Nf3 Bg7 8. Be2 O-O 9. O-O Nc6 10. d5 Na5 11. Nbd2 Qc7 12. a4 Nbxc4 13. Nxc4 Nxc4 14. Qc2 Bf5 15. Qxc4 Qxc4 16. Bxc4 Rfb8 17. Re1 Rc8 18. Bb3 Bc2 19. Bxc2 Rxc2 20. Rxe7 Rac8 21. Be3 Rxb2 22. Bd4 Bxd4 23. Nxd4 Rd2 24. Nb5 Rxd5 25. Nxa7 Ra8 26. Rxb7 Ra5 27. Nb5 Rxa4 28. Rxa4 Rxa4 29. Nxd6 Rf4 30. g3 Rf6 31. Rb8+ 1-0

[Event "January 9 Early 2024"]
[Site "https://www.chess.com"]
[Date "2024.01.11"]
[Round "5"]
[White "Chan, Wei Xuan Timothy"]
[Black "Giri, Anish"]
[Result "0-1"]
[Board "12"]
[TimeControl "180+1"]
[WhiteFideId "5802032"]
[BlackFideId "24116068"]
[WhiteElo "2723"]
[BlackElo "2987"]
[WhiteTeam "SGP"]
[BlackTeam "NED"]
[WhiteClock "0:00:38"]
[BlackClock "0:02:44"]

1. e4 c5 2. Nf3 d6 3. Bb5+ Nd7 4. d4 cxd4 5. Qxd4 a6 6. Bxd7+ Qxd7 7. Nc3 e5 8. Qd3 Qc6 9. Be3 Be6 10. O-O-O Rc8 11. Kb1 Nf6 12. Ng5 Bc4 13. Qd2 h6 14. Nf3 b5 15. Rhe1 b4 16. Nd5 Nxe4 0-1

[Event "January 9 Early 2024"]
[Site "https://www.chess.com"]
[Date "2024.01.11"]
[Round "5"]
[White "Pappelis, Dimitrios"]
[Black "Spichkin, Alexander"]
[Result "0-1"]
[Board "13"]
[TimeControl "180+1"]
[WhiteFideId "4215281"]
[BlackFideId "4144074"]
[WhiteElo "2159"]
[BlackElo "2397"]
[WhiteTeam "GRE"]
[BlackTeam "RUS"]
[WhiteClock "0:00:50"]
[BlackClock "0:02:34"]

1. Nf3 f5 2. d3 d6 3. e4 e5 4. Nc3 Nc6 5. Bg5 Nf6 6. Nd5 Be7 7. Nxe7 Qxe7 8. Be2 O-O 9. c3 Qf7 10. Bxf6 Qxf6 11. Qc2 fxe4 12. dxe4 Be6 13. O-O-O a5 14. Kb1 a4 15. Rhf1 h6 16. Nd2 Qf7 17. a3 Na5 18. Qxa4 Ba2+ 19. Kc1 Nb3+ 20. Nxb3 Rxa4 0-1

[Event "January 9 Early 2024"]
[Site "https://www.chess.com"]
[Date "2024.01.11"]
[Round "5"]
[White "Cordoba Roa, Angel Gabriel"]
[Black "Gutierrez Olivares, Daniel"]
[Result "0-1"]
[Board "14"]
[TimeControl "180+1"]
[WhiteFideId "3957624"]
[BlackFideId "2264005"]
[WhiteElo "2627"]
[BlackElo "2483"]
[WhiteTeam "COL"]
[BlackTeam "ESP"]
[WhiteClock "0:01:54"]
[BlackClock "0:01:27"]

1. e4 e6 2. d4 d5 3. Nc3 Bb4 4. e5 Ne7 5. a3 Ba5 6. b4 Bb6 7. Qg4 Nf5 8. Nf3 h5 9. Qf4 Nc6 10. Bb5 Bd7 11. Ne2 Nxe5 12. Bxd7+ Nxd7 13. O-O Qf6 14. Bb2 Nd6 15. Qc1 h4 16. h3 Nc4 17. Bc3 c6 18. Re1 Bc7 19. a4 Rh6 20. b5 Rg6 21. Nd2 Qg5 0-1

[Event "January 9 Early 2024"]
[Site "https://www.chess.com"]
[Date "2024.01.11"]
[Round "5"]
[White "Erzhanov, Arman"]
[Black "Vincenti, Leonardo"]
[Result "1-0"]
[Board "15"]
[TimeControl "180+1"]
[WhiteFideId "4138821"]
[BlackFideId "28550820"]
[WhiteElo "2529"]
[BlackElo "2208"]
[WhiteTeam "KAZ"]
[BlackTeam "ITA"]
[WhiteClock "0:02:06"]
[BlackClock "0:01:25"]

1. e4 e5 2. Nf3 Nf6 3. Nc3 Nc6 4. d4 exd4 5. Nxd4 Bb4 6. Nxc6 bxc6 7. Bd3 d5 8. exd5 cxd5 9. O-O O-O 10. h3 c6 11. Qf3 h6 12. Bf4 Bd6 13. Ne2 Re8 14. Rfe1 Rb8 15. b3 Be5 16. Bxe5 Rxe5 17. Nd4 Rxe1+ 18. Rxe1 Bb7 19. Nf5 c5 20. Qg3 Nh5 21. Nxh6+ Kf8 22. Qf3 Qf6 23. Qxh5 Qxh6 24. Qe5 Qb6 25. Qxb8+ 1-0

[Event "January 9 Early 2024"]
[Site "https://www.chess.com"]
[Date "2024.01.11"]
[Round "5"]
[White "Perossa, Nicolas"]
[Black "Skaric, Djuro"]
[Result "1-0"]
[Board "16"]
[TimeControl "180+1"]
[WhiteFideId "2850520"]
[BlackFideId "934569"]
[WhiteElo "2438"]
[BlackElo "2289"]
[WhiteTeam "ITA"]
[BlackTeam "SRB"]
[WhiteClock "0:01:32"]
[BlackClock "0:01:43"]

1. d4 d6 2. e4 g6 3. Nc3 Bg7 4. Be3 Nf6 5. h4 Nc6 6. h5 Nxh5 7. Rxh5 gxh5 8. Qxh5 e5 9. Bc4 O-O 10. Nf3 Be6 11. d5 Na5 12. dxe6 Nxc4 13. Ng5 h6 14. exf7+ Kh8 15. Qg6 Rxf7 16. Nxf7+ Kg8 17. Nxh6+ Kh8 18. Nf7+ Kg8 19. Nxd8 Rxd8 20. Qe6+ Kf8 21. Qxc4 c6 22. Qe2 1-0

[Event "January 9 Early 2024"]
[Site "https://www.chess.com"]
[Date "2024.01.11"]
[Round "5"]
[White "Petrovic, Aleksa"]
[Black "Topalov, Aleksandar"]
[Result "1-0"]
[Board "17"]
[TimeControl "180+1"]
[WhiteFideId "967629"]
[BlackFideId "925659"]
[WhiteElo "2616"]
[BlackElo "2437"]
[WhiteTeam "SRB"]
[BlackTeam "SRB"]
[WhiteClock "0:02:02"]
[BlackClock "0:01:12"]

1. b3 Nf6 2. Bb2 g6 3. Nf3 Bg7 4. g3 O-O 5. Bg2 c6 6. O-O d5 7. c4 Bg4 8. d3 Nbd7 9. h3 Bxf3 10. Bxf3 e5 11. Bg2 e4 12. dxe4 dxe4 13. Qc2 Re8 14. Nc3 Qe7 15. e3 Nc5 16. Rad1 a5 17. Ba3 Rad8 18. Na4 1-0

[Event "January 9 Early 2024"]
[Site "https://www.chess.com"]
[Date "2024.01.11"]
[Round "5"]
[White "Anton Guijarro, David"]
[Black "Rodriguez Santiago, Jaime"]
[Result "1-0"]
[Board "18"]
[TimeControl "180+1"]
[WhiteFideId "2285525"]
[BlackFideId "3100898"]
[WhiteElo "2980"]
[BlackElo "2299"]
[WhiteTeam "ESP"]
[BlackTeam "PUR"]
[WhiteClock "0:01:49"]
[BlackClock "0:01:14"]

1. Nf3 Nf6 2. b3 d5 3. Bb2 c5 4. e3 Nc6 5. Bb5 Bg4 6. h3 Bh5 7. g4 Bg6 8. Ne5 Rc8 9. h4 h5 10. g5 Ne4 11. Nxg6 fxg6 12. Bd3 Qd6 13. Bxe4 dxe4 14. Nc3 Qe6 15. Qe2 a6 16. O-O-O Qf5 17. Qc4 Qxf2 18. Rdf1 Qg3 19. Nxe4 Qg4 20. Rf4 Qd7 21. Nxc5 1-0

[Event "January 9 Early 2024"]
[Site "https://www.chess.com"]
[Date "2024.01.11"]
[Round "5"]
[White "Janaszak, Dawid"]
[Black "Dmitrenko, Viktor"]
[Result "0-1"]
[Board "20"]
[TimeControl "180+1"]
[WhiteFideId "1119206"]
[BlackFideId "14110270"]
[WhiteElo "2612"]
[BlackElo "2458"]
[WhiteTeam "POL"]
[BlackTeam "UKR"]
[WhiteClock "0:01:48"]
[BlackClock "0:00:56"]

1. e4 e6 2. b3 d5 3. Bb2 dxe4 4. Nc3 Nf6 5. Qe2 Be7 6. O-O-O Nc6 7. Nxe4 O-O 8. Nf3 a5 9. a4 b6 10. d4 Nb4 11. Ne5 Bb7 12. Ng5 Nfd5 13. h4 Na2+ 14. Kd2 Bb4+ 15. c3 Ndxc3 16. Qh5 Qxd4+ 17. Bd3 Qxf2+ 18. Be2 Nxe2+ 19. Kd3 Rad8+ 20. Bd4 0-1

[Event "January 9 Early 2024"]
[Site "https://www.chess.com"]
[Date "2024.01.11"]
[Round "5"]
[White "Bharath Subramaniyam H"]
[Black "Tejedor Fuente, Enrique"]
[Result "1-0"]
[Board "21"]
[TimeControl "180+1"]
[WhiteFideId "46634827"]
[BlackFideId "2299100"]
[WhiteElo "2958"]
[BlackElo "2714"]
[WhiteTeam "IND"]
[BlackTeam "ESP"]
[WhiteClock "0:01:46"]
[BlackClock "0:01:22"]

1. b3 d6 2. Bb2 Nf6 3. c4 c5 4. g3 Nc6 5. Bg2 h5 6. Nf3 g6 7. O-O Bg7 8. Nc3 Bg4 9. h3 Bf5 10. d4 Qd7 11. d5 Nb4 12. a3 Na6 13. h4 Ne4 14. Qc1 Nxc3 15. Bxc3 O-O 16. Bxg7 Kxg7 17. Qc3+ f6 18. Ng5 Qc8 19. e4 Bd7 20. f4 Kh6 21. Nf3 Bg4 22. Rae1 Nc7 23. e5 Bxf3 24. Bxf3 f5 25. exd6 exd6 26. Re7 Ne8 27. Rfe1 Rg8 28. Bxh5 Ng7 29. Qf6 Nxh5 1-0

[Event "January 9 Early 2024"]
[Site "https://www.chess.com"]
[Date "2024.01.11"]
[Round "5"]
[White "Manukian, Artak"]
[Black "Zhu, Hengyi"]
[Result "0-1"]
[Board "22"]
[TimeControl "180+1"]
[WhiteFideId "13301373"]
[BlackFideId "8611211"]
[WhiteElo "2501"]
[BlackElo "2786"]
[WhiteTeam "ARM"]
[BlackTeam "CHN"]
[WhiteClock "0:01:23"]
[BlackClock "0:01:50"]

1. e4 e6 2. d4 d5 3. e5 c5 4. c3 Nc6 5. Nf3 Qb6 6. a3 Nh6 7. b4 cxd4 8. cxd4 Nf5 9. Bb2 Bd7 10. g4 Nfe7 11. Nc3 Ng6 12. Na4 Qd8 13. h4 h5 14. g5 Be7 15. Rc1 f6 16. Qd2 fxe5 17. dxe5 O-O 18. Be2 Rxf3 19. Bxf3 Ncxe5 20. Bxd5 exd5 21. Qxd5+ Kh7 22. Bxe5 Bxa4 23. Qxd8 Rxd8 24. Bg3 Bc6 25. O-O Rd3 26. Ra1 Bd6 27. Rfd1 Rxd1+ 28. Rxd1 Bxg3 29. fxg3 Ne5 30. Kf2 Kg6 31. Rc1 Nd3+ 0-1

[Event "January 9 Early 2024"]
[Site "https://www.chess.com"]
[Date "2024.01.11"]
[Round "5"]
[White "Niedbala, Bartlomiej"]
[Black "Kadric, Denis"]
[Result "0-1"]
[Board "23"]
[TimeControl "180+1"]
[WhiteFideId "21834008"]
[BlackFideId "14403803"]
[WhiteElo "2680"]
[BlackElo "2909"]
[WhiteTeam "POL"]
[BlackTeam "MNE"]
[WhiteClock "0:00:40"]
[BlackClock "0:02:11"]

1. e4 d6 2. d4 Nf6 3. Nc3 e5 4. Nf3 Nbd7 5. Bc4 Be7 6. a4 O-O 7. O-O c6 8. Re1 h6 9. h3 Re8 10. Be3 exd4 11. Nxd4 Bf8 12. Bf4 Nc5 13. Qf3 Ne6 14. Nxe6 Bxe6 15. Bxe6 Rxe6 16. e5 Qe8 17. Bg3 dxe5 18. Re2 e4 19. Qf5 Bb4 20. Rd1 Bxc3 21. bxc3 Rd8 22. Red2 Rxd2 23. Rxd2 e3 24. fxe3 Ne4 0-1

[Event "January 9 Early 2024"]
[Site "https://www.chess.com"]
[Date "2024.01.11"]
[Round "5"]
[White "Garrido, Denis"]
[Black "Putri, Regita Desyari"]
[Result "0-1"]
[Board "24"]
[TimeControl "180+1"]
[WhiteFideId "601217"]
[BlackFideId "7109083"]
[WhiteElo "2387"]
[BlackElo "2221"]
[WhiteTeam "FRA"]
[BlackTeam "INA"]
[WhiteClock "0:01:46"]
[BlackClock "0:01:17"]

1. e4 c5 2. Nf3 Nc6 3. Bb5 g6 4. O-O Bg7 5. Nc3 a6 6. Bxc6 bxc6 7. d3 d6 8. h3 Nf6 9. Be3 e5 10. Qd2 O-O 11. Bh6 Rb8 12. b3 Re8 13. Bxg7 Kxg7 14. Nh2 Nh5 15. Ne2 Qf6 16. Ng3 Nf4 17. c3 h5 18. Rad1 Qg5 19. Nf3 Qf6 20. Rfe1 Nxh3+ 21. gxh3 Qxf3 22. Re3 Qf6 23. Kh2 Qf4 24. Rg1 h4 25. Qe2 hxg3+ 26. Rexg3 Rh8 0-1

[Event "January 9 Early 2024"]
[Site "https://www.chess.com"]
[Date "2024.01.11"]
[Round "5"]
[White "Yeremyan, Alen"]
[Black "Begunov, Konstantin"]
[Result "1-0"]
[Board "25"]
[TimeControl "180+1"]
[WhiteFideId "13308998"]
[BlackFideId "4118510"]
[WhiteElo "2776"]
[BlackElo "2482"]
[WhiteTeam "ARM"]
[BlackTeam "RUS"]
[WhiteClock "0:02:23"]
[BlackClock "0:00:11"]

1. e4 c5 2. Nc3 d6 3. f4 g6 4. Nf3 Bg7 5. Bc4 Nc6 6. O-O a6 7. a4 Nf6 8. d3 Bg4 9. h3 Bxf3 10. Qxf3 Nd4 11. Qf2 O-O 12. Be3 Nd7 13. Rab1 Rb8 14. Ba2 b5 15. axb5 axb5 16. f5 b4 17. fxg6 bxc3 18. Bxf7+ Kh8 19. Qh4 h6 20. Bxh6 Ne2+ 21. Kh1 Ng3+ 22. Kh2 Nf6 23. Rxf6 Bxf6 24. Bg5+ Kg7 25. Qh6# 1-0

[Event "January 9 Early 2024"]
[Site "https://www.chess.com"]
[Date "2024.01.11"]
[Round "5"]
[White "Yonal, Timur"]
[Black "Waldhausen Gordon, Frederick"]
[Result "0-1"]
[Board "26"]
[TimeControl "180+1"]
[WhiteFideId "44115725"]
[BlackFideId "2409143"]
[WhiteElo "2281"]
[BlackElo "2539"]
[WhiteTeam "TUR"]
[BlackTeam "SCO"]
[WhiteClock "0:01:28"]
[BlackClock "0:01:32"]

1. e4 c5 2. Nf3 Nc6 3. Bb5 g6 4. Bxc6 dxc6 5. d3 Bg7 6. h3 Qc7 7. O-O b6 8. Nc3 e5 9. Be3 Ne7 10. Qd2 h6 11. Nh2 Be6 12. f4 exf4 13. Bxf4 Qd7 14. Nf3 g5 15. Be5 f6 16. Bg3 Ng6 17. Ne2 h5 18. c3 Bh6 19. Qc2 O-O 20. d4 cxd4 21. cxd4 Kh7 22. e5 f5 23. Nd2 f4 24. Bf2 Bf5 25. Qb3 g4 26. hxg4 hxg4 27. Nc4 Be4 28. Rfd1 g3 29. Be1 Nh4 30. Nd6 Bd5 31. Qc2+ Kg7 32. Nxf4 Bxf4 0-1

[Event "January 9 Early 2024"]
[Site "https://www.chess.com"]
[Date "2024.01.11"]
[Round "5"]
[White "Eggleston, Thomas A"]
[Black "Gutierrez Carmona, Juan Alejandro"]
[Result "1-0"]
[Board "27"]
[TimeControl "180+1"]
[WhiteFideId "412139"]
[BlackFideId "5106770"]
[WhiteElo "2251"]
[BlackElo "2177"]
[WhiteTeam "ENG"]
[BlackTeam "MEX"]
[WhiteClock "0:01:49"]
[BlackClock "0:00:41"]

1. e4 e5 2. Nf3 Nc6 3. d4 exd4 4. Nxd4 Nf6 5. Nc3 Bb4 6. Nxc6 bxc6 7. Bd3 O-O 8. O-O d5 9. exd5 cxd5 10. h3 h6 11. Qf3 c6 12. Bf4 a5 13. Ne2 Ba6 14. Nd4 Bxd3 15. cxd3 Rc8 16. Rac1 Qb6 17. Nf5 Rfe8 18. Bxh6 g6 19. Ng7 Nh5 20. Nxh5 1-0

[Event "January 9 Early 2024"]
[Site "https://www.chess.com"]
[Date "2024.01.11"]
[Round "5"]
[White "Bachmann, Axel"]
[Black "Srihari L R"]
[Result "1-0"]
[Board "28"]
[TimeControl "180+1"]
[WhiteFideId "3700488"]
[BlackFideId "46617116"]
[WhiteElo "2901"]
[BlackElo "2676"]
[WhiteTeam "PAR"]
[BlackTeam "IND"]
[WhiteClock "0:01:01"]
[BlackClock "0:01:33"]

1. e4 c5 2. Nf3 d6 3. d4 cxd4 4. Nxd4 Nf6 5. Nc3 Nc6 6. Bg5 e6 7. Qd2 Be7 8. O-O-O a6 9. h4 Bd7 10. f3 b5 11. Kb1 Qb6 12. Nxc6 Bxc6 13. Ne2 h6 14. Be3 Qc7 15. Nd4 Bb7 16. g4 Nd7 17. g5 hxg5 18. Bxg5 Ne5 19. Be2 O-O-O 20. Rh3 Kb8 21. f4 Bxg5 22. fxg5 Bxe4 23. a4 b4 24. Qxb4+ Qb7 25. Qa5 Nc6 26. Nxc6+ Qxc6 27. Rc3 Qd7 28. Rd4 Rxh4 29. Rb3+ Ka8 30. Rxe4 1-0

[Event "January 9 Early 2024"]
[Site "https://www.chess.com"]
[Date "2024.01.11"]
[Round "5"]
[White "Piscicelli, Daniel Orlando"]
[Black "Subramanian, Anusha"]
[Result "0-1"]
[Board "29"]
[TimeControl "180+1"]
[WhiteFideId "101958"]
[BlackFideId "477710"]
[WhiteElo "2243"]
[BlackElo "2107"]
[WhiteTeam "ARG"]
[BlackTeam "ENG"]
[WhiteClock "0:00:41"]
[BlackClock "0:01:37"]

1. e4 e6 2. d4 d5 3. exd5 exd5 4. Bd3 c5 5. Nf3 c4 6. Be2 Nf6 7. c3 Bd6 8. O-O h6 9. Be3 O-O 10. b3 b5 11. Nbd2 Bb7 12. Rb1 Qc7 13. bxc4 bxc4 14. h3 Nbd7 15. Qc2 Nb6 16. Rb2 Ba3 17. Rbb1 Bc6 18. Qf5 Bd7 19. Qf4 Bd6 20. Qh4 Bf5 21. Rb2 Na4 22. Rb5 Nxc3 23. Bd1 Nxb5 0-1

[Event "January 9 Early 2024"]
[Site "https://www.chess.com"]
[Date "2024.01.11"]
[Round "5"]
[White "Novik, Maxim"]
[Black "Ozates, Tuna"]
[Result "0-1"]
[Board "30"]
[TimeControl "180+1"]
[WhiteFideId "4102924"]
[BlackFideId "6354521"]
[WhiteElo "2482"]
[BlackElo "2675"]
[WhiteTeam "LTU"]
[BlackTeam "TUR"]
[WhiteClock "0:00:14"]
[BlackClock "0:02:22"]

1. e4 e5 2. Nf3 Nc6 3. Bc4 Bc5 4. d3 Nf6 5. c3 d6 6. O-O h6 7. Re1 a5 8. Nbd2 a4 9. Bb5 Bd7 10. Bxa4 Rxa4 11. Qxa4 Nb4 12. Qd1 Nxd3 13. Rf1 Nxf2 14. Qe2 N6g4 15. Nb3 Nh3+ 16. Kh1 Ngf2+ 17. Rxf2 Nxf2+ 18. Kg1 Nxe4+ 19. Nxc5 Nxc5 20. Be3 Ne6 21. c4 O-O 22. Rf1 f5 23. b3 Bc6 24. Qf2 f4 25. Bc1 e4 26. Nd4 e3 27. Qb2 Nxd4 28. Qxd4 Qg5 0-1

[Event "January 9 Early 2024"]
[Site "https://www.chess.com"]
[Date "2024.01.11"]
[Round "5"]
[White "Matthes, Aaron"]
[Black "Tabuenca Mendataurigoitia, Daniel"]
[Result "1-0"]
[Board "31"]
[TimeControl "180+1"]
[WhiteFideId "16227310"]
[BlackFideId "24563617"]
[WhiteElo "2401"]
[BlackElo "2545"]
[WhiteTeam "GER"]
[BlackTeam "ESP"]
[WhiteClock "0:01:17"]
[BlackClock "0:01:40"]

1. Nf3 d6 2. d4 g6 3. g3 Bg7 4. Bg2 Nf6 5. O-O O-O 6. b3 c5 7. Bb2 cxd4 8. Nxd4 Qc7 9. c4 Bd7 10. Nc3 e5 11. Ndb5 Bxb5 12. Nxb5 Qe7 13. Qxd6 Qxd6 14. Nxd6 Nc6 15. Nxb7 Nd4 16. e3 Nc2 17. Rac1 Nb4 18. Ba3 Nxa2 19. Rc2 Rfe8 20. Rxa2 e4 21. Nd6 Re6 22. Nb5 Ne8 23. Rd1 a6 24. Nd4 Bxd4 25. Rxd4 f5 26. Bf1 Rb8 27. b4 Nf6 28. b5 Ng4 29. Kg2 Ne5 30. Bd6 Rc8 31. Bxe5 Rxe5 32. bxa6 Ra8 33. a7 Re7 34. c5 Rexa7 35. Rxa7 Rxa7 36. c6 Kf8 37. Rd7 Rxd7 38. cxd7 Ke7 39. Bb5 h6 40. h4 Kd8 41. Kf1 Kc7 42. Ke2 g5 43. Kd2 gxh4 44. gxh4 Kd8 45. Kc3 Ke7 46. Kd4 Kd8 47. Ke5 1-0

[Event "January 9 Early 2024"]
[Site "https://www.chess.com"]
[Date "2024.01.11"]
[Round "5"]
[White "Radjabov, Teimour"]
[Black "Mizzi, Jack"]
[Result "1-0"]
[Board "32"]
[TimeControl "180+1"]
[WhiteFideId "13400924"]
[BlackFideId "5602521"]
[WhiteElo "3019"]
[BlackElo "2500"]
[WhiteTeam "AZE"]
[BlackTeam "MLT"]
[WhiteClock "0:01:52"]
[BlackClock "0:00:13"]

1. c4 e5 2. Nc3 f5 3. e4 d6 4. Nf3 Nf6 5. exf5 Bxf5 6. d4 e4 7. Ng5 h6 8. Nh3 c5 9. d5 Na6 10. Nf4 Qd7 11. Be2 g5 12. Nh5 Qf7 13. O-O Be7 14. Ng3 Bg6 15. f4 exf3 16. Bxf3 O-O 17. a3 b6 18. Be4 Qh7 19. Bf5 Nc7 20. Bd2 h5 21. Qc2 h4 22. Bxg6 1-0

[Event "January 9 Early 2024"]
[Site "https://www.chess.com"]
[Date "2024.01.11"]
[Round "5"]
[White "Tqebuchava, Zurab"]
[Black "Zaksaite, Salomeja"]
[Result "1-0"]
[Board "33"]
[TimeControl "180+1"]
[WhiteFideId "13601113"]
[BlackFideId "12801496"]
[WhiteElo "2136"]
[BlackElo "2303"]
[WhiteTeam "GEO"]
[BlackTeam "LTU"]
[WhiteClock "0:01:05"]
[BlackClock "0:01:00"]

1. e4 c5 2. Nf3 e6 3. b3 d5 4. exd5 exd5 5. Bb5+ Bd7 6. Bxd7+ Nxd7 7. O-O Ngf6 8. Re1+ Be7 9. Qe2 O-O 10. Qxe7 Qb6 11. Qe2 Rfe8 12. Qf1 d4 13. Na3 Ne4 14. Nc4 Qg6 15. d3 Nc3 16. Bd2 Nd5 17. Rxe8+ Rxe8 18. Re1 Rd8 19. Qe2 h6 20. Qe4 1-0

[Event "January 9 Early 2024"]
[Site "https://www.chess.com"]
[Date "2024.01.11"]
[Round "5"]
[White "Parfenov, Viktor N."]
[Black "De Souza, Cristiano Gomes"]
[Result "0-1"]
[Board "34"]
[TimeControl "180+1"]
[WhiteFideId "4165969"]
[BlackFideId "2151758"]
[WhiteElo "2518"]
[BlackElo "2273"]
[WhiteTeam "RUS"]
[BlackTeam "BRA"]
[WhiteClock "0:00:42"]
[BlackClock "0:01:37"]

1. d4 Nf6 2. c4 g6 3. Nc3 Bg7 4. e4 d6 5. f4 O-O 6. Nf3 e5 7. fxe5 dxe5 8. d5 Nbd7 9. Be3 Ng4 10. Bg1 f5 11. h3 Nh6 12. Qd2 fxe4 13. Nxe4 Nf5 14. g4 Nd4 15. Nxd4 exd4 16. Bxd4 Ne5 17. Be2 Qh4+ 18. Bf2 Qe7 19. O-O b6 20. Rae1 h5 21. Ng5 hxg4 22. Bxg4 Bxg4 23. Rxe5 Bxe5 24. hxg4 Bf4 0-1

[Event "January 9 Early 2024"]
[Site "https://www.chess.com"]
[Date "2024.01.11"]
[Round "5"]
[White "Liu, Casper"]
[Black "Akobian, Varuzhan"]
[Result "0-1"]
[Board "35"]
[TimeControl "180+1"]
[WhiteFideId "1454153"]
[BlackFideId "13300580"]
[WhiteElo "2481"]
[BlackElo "2677"]
[WhiteTeam "DEN"]
[BlackTeam "USA"]
[WhiteClock "0:00:32"]
[BlackClock "0:01:37"]

1. Nf3 Nf6 2. b3 d5 3. Bb2 c5 4. e3 a6 5. d4 Nc6 6. Bd3 Bg4 7. O-O cxd4 8. exd4 e6 9. Re1 Bd6 10. Nbd2 Qc7 11. h3 Bh5 12. c4 O-O 13. cxd5 exd5 14. Rc1 Rfe8 15. Qc2 Qb6 16. a3 Bf4 17. Rcd1 Bxd2 18. Qxd2 Bxf3 19. gxf3 Qxb3 20. Kg2 Rxe1 21. Rxe1 Re8 22. Bc2 Qb6 23. Bc3 Rxe1 24. Qxe1 Qc7 25. Bf5 g6 26. Bd3 Kg7 27. Bd2 Nxd4 28. Bc3 Ne6 29. Be5 Nf4+ 30. Kf1 Nxd3 0-1

[Event "January 9 Early 2024"]
[Site "https://www.chess.com"]
[Date "2024.01.11"]
[Round "5"]
[White "Verbin, Valentina"]
[Black "Andrews, Todd"]
[Result "1-0"]
[Board "36"]
[TimeControl "180+1"]
[WhiteFideId "13905910"]
[BlackFideId "2012456"]
[WhiteElo "2153"]
[BlackElo "2453"]
[WhiteTeam "MDA"]
[BlackTeam "USA"]
[WhiteClock "0:01:34"]
[BlackClock "0:00:46"]

1. e4 e6 2. d4 d5 3. Nd2 Nc6 4. Ngf3 Nf6 5. e5 Nd7 6. c3 f6 7. Bb5 a6 8. Bxc6 bxc6 9. O-O a5 10. a4 Ba6 11. Re1 f5 12. b3 Be7 13. Ba3 O-O 14. c4 Bb4 15. Bxb4 axb4 16. Qc2 Rc8 17. cxd5 cxd5 18. Qc6 Nb6 19. a5 Qd7 20. Rec1 Bb5 21. Qxd7 Nxd7 22. a6 c6 23. Ne1 Rc7 24. Nc2 c5 25. dxc5 Rxc5 26. Nxb4 Ra8 27. Rxc5 Nxc5 28. a7 Nd7 29. Ra5 Bd3 30. Nxd3 Kf7 31. f4 Ke7 32. b4 Kd8 33. Nb3 Kc7 34. Ndc5 Nf8 35. Ra6 h6 36. b5 g5 37. b6+ 1-0